 Dungeon Crawl Stone Soup version 0.19-a0-1937-g70ed36a (webtiles) character file.

483 Leszczynek the Cudgeler (level 7, 0/46 HPs)
             Began as a Halfling Wanderer on Oct 26, 2016.
             Was an Initiate of Kikubaaqudgha.
             Slain by an orc wizard
             ... wielding a +1 dagger of electrocution
              (2 damage)
             ... on level 5 of the Dungeon.
             The game lasted 00:10:22 (4015 turns).

Leszczynek the Cudgeler (Halfling Wanderer)         Turns: 4015, Time: 00:10:22

Health: 0/46       AC:  7    Str: 15    XL:     7   Next: 34%
Magic:  7/7        EV: 15    Int: 10    God:    Kikubaaqudgha [......]
Gold:   119        SH:  0    Dex: 14    Spells: 0 memorised, 6 levels left

rFire  . . .     SeeInvis .     x - +0 war axe
rCold  . . .     Gourm    +     b - +0 ring mail
rNeg   . . .     Faith    .     (shield restricted)
rPois  .         Spirit   .     t - +0 helmet
rElec  .         Reflect  .     (no cloak)
rCorr  .         Harm     .     (no gloves)
MR     .....                    l - +0 pair of boots
Stlth  +.........               h - amulet of the gourmand
                                (no ring)
                                (no ring)

@: no status effects
A: mutation resistance 1
a: Renounce Religion


You were on level 5 of the Dungeon.
You worshipped Kikubaaqudgha.
Kikubaaqudgha was noncommittal.
You were completely stuffed.

You visited 2 branches of the dungeon, and saw 6 of its levels.

You collected 119 gold pieces.

Inventory:

Hand Weapons
 a - a +2 hand axe
 s - a +0 mace
 x - a +0 war axe (weapon)
Missiles
 j - 37 bolts
Armour
 b - a +0 ring mail (worn)
 l - a +0 pair of boots (worn)
 t - a +0 helmet (worn)
Jewellery
 h - an amulet of the gourmand (around neck)
Scrolls
 e - a scroll of enchant armour {unknown}
 g - 3 scrolls of magic mapping {unknown}
 i - 3 scrolls of fog {unknown}
 m - 2 scrolls of remove curse {unknown}
 r - a scroll of blinking {unknown}
 u - a scroll of fear {unknown}
 v - a scroll of teleportation {unknown}
 y - a scroll of immolation {unknown}
Potions
 c - 2 potions of lignification
 n - a potion of heal wounds
 o - a potion of cancellation
 w - a potion of magic
 z - 2 potions of ambrosia
Comestibles
 d - 2 bread rations
 f - a meat ration
 k - a beef jerky
 q - 3 fruits
 A - 6 chunks of flesh


   Skills:
 - Level 3.6 Fighting
 - Level 3.0(4.8) Axes
 * Level 5.3(5.6) Maces & Flails
 - Level 1.0 Throwing
 + Level 4.0 Dodging
 - Level 1.1 Stealth
   Level 1.1 Shields


You had 6 spell levels left.
You didn't know any spells.

Dungeon Overview and Level Annotations

Branches:
Dungeon (5/15)             Temple (1/1) D:5

Altars:
Cheibriados
Elyvilon
Fedhas
Gozag
Hepliaklqana
Kikubaaqudgha
Nemelex Xobeh
Okawaru
Qazlal
Ru
Sif Muna
Trog
Uskayaw
Vehumet
Xom
Yredelemnul
Zin
The Shining One

Annotations:
D:3 para wand sigmund, Sigmund
D:4 ogre


Innate Abilities, Weirdness & Mutations

You are small and have problems with some larger weapons.
You are somewhat resistant to further mutation.


Message History

You hit the orc wizard.
The jackal bites you but does no damage.
The orc wizard closely misses you.
You closely miss the jackal.
The jackal is moderately wounded.
You hit the orc wizard. The jackal barely misses you.
The orc wizard closely misses you. The jackal closely misses you.
You feel better. The jackal closely misses you.
The orc wizard barely misses you. The jackal bites you.
Unknown command.
You hit the jackal but do no damage.
The jackal is moderately wounded.
You hit the orc wizard.
The orc wizard hits you with a dagger of electrocution.
You are electrocuted!
* * * LOW HITPOINT WARNING * * *
The jackal bites you but does no damage.
The orc wizard hits you with a dagger of electrocution.
You die...
Kikubaaqudgha rasps: "You have failed me!
Welcome... death!"

########
###########.....<.
#...†.............
....#########.......
#.##### #.......
#...o.# ######.#
#...#@## #..
#...#h.########## ##.
#....#..>.(.(...#####.
#.....##########.......
#.###............####..
... ....#####hh.......#
.. ..#..h...S######...
..........## #.##
...#####..# ####.#.


You could see an orc wizard and a jackal.

Vanquished Creatures
  A centaur (D:5)
  A howler monkey (D:4)
  A bullfrog zombie (D:5)
  A jelly (D:5)
  A bullfrog skeleton (D:5)
  4 orc wizards (D:4)
  A worker ant zombie (D:5)
  7 adders
  An adder skeleton (D:4)
  5 worms
  A dart slug (D:1)
  3 leopard geckos
  An orc (D:5)
  4 bats
  5 giant cockroaches
  6 goblins
  5 hobgoblins
  9 jackals (D:5)
  7 kobolds
  A quokka (D:2)
  2 frilled lizards (D:2)
  8 rats
75 creatures vanquished.

Notes
Turn   | Place    | Note
-------+----------+-------------------------------------------
     0 | D:1      | Leszczynek the Halfling Wanderer began the quest for the Orb.
     0 | D:1      | Leszczynek set off with: a +2 hand axe, a +0 ring mail, a potion of lignification, a bread ration
     0 | D:1      | Reached XP level 1. HP: 16/16 MP: 1/1
     0 | D:1      | huh, a ring mail start, not bad
    17 | D:1      | and 3.6 in fighting
   158 | D:1      | Reached skill level 1 in Dodging
   175 | D:1      | Reached XP level 2. HP: 21/21 MP: 2/2
   260 | D:1      | Reached skill level 2 in Dodging
   912 | D:1      | Reached XP level 3. HP: 26/26 MP: 3/3
  1560 | D:2      | Found a stormy altar of Qazlal.
  1567 | D:2      | Reached skill level 1 in Maces & Flails
  1762 | D:2      | Reached skill level 3 in Dodging
  1777 | D:2      | Reached XP level 4. HP: 27/32 MP: 4/4
  2450 | D:3      | Noticed Sigmund
  2517 | D:3      | Found an iron altar of Okawaru.
  2599 | D:3      | Reached skill level 2 in Maces & Flails
  2651 | D:3      | Paralysed by Sigmund for 5 turns
  2669 | D:4      | Reached XP level 5. HP: 34/36 MP: 5/5
  2693 | D:4      | Reached skill level 3 in Maces & Flails
  2693 | D:4      | Reached skill level 4 in Dodging
  2710 | D:4      | Reached XP level 6. HP: 28/42 MP: 6/6
  3237 | D:4      | Noticed an ogre
  3257 | D:5      | Entered Level 5 of the Dungeon
  3383 | D:5      | Found a staircase to the Ecumenical Temple.
  3401 | D:5      | Reached skill level 4 in Maces & Flails
  3516 | Temple   | Entered the Ecumenical Temple
  3523 | Temple   | Became a worshipper of Kikubaaqudgha
  3626 | D:5      | Found a radiant altar of Vehumet.
  3741 | D:4      | Noticed an ogre
  3895 | D:5      | Reached XP level 7. HP: 43/46 MP: 7/7
  3944 | D:5      | Reached skill level 5 in Maces & Flails
  4015 | D:5      | HP: 2/46 [orc wizard/dagger of electrocution (20)]
  4015 | D:5      | Slain by an orc wizard

Vault maps used:
D:1:      dpeg_arrival_three_same_balls
D:2:      lemuel_round_altar, hangedman_abyss_or_decor_lesser_grid
D:3:      okawaru_ov_weapons_minmay, first_bread, moated_statue, uniq_iyjb,
          uniq_sigmund, uniq_grinder
D:4:      minmay_a_box_with_orc_wizards_in_it
D:5:      vehumet_crystals, water_maze_lemuel
Temple:   nicolae_temple_no_exploring_needed

Skill      XL: |  1  2  3  4  5  6  7 |
---------------+----------------------+-----
Dodging        | 1 2 3 4 |  4.0
Maces & Flails | 1 2 3 4 5 |  5.3
Fighting       | |  3.6
Axes           | |  3.0
Throwing       | |  1.0
Stealth        | |  1.1
Shields        | |  1.1

Action                   |  1- 3 |  4- 6 |  7- 9 || total
-------------------------+-------+-------+-------++-------
Melee: Hand axe          |   105 |   111 |       ||   216
       War axe           |       |    56 |    45 ||   101
  Use: Scroll            |       |     5 |       ||     5
       Potion            |       |     1 |     1 ||     2
 Stab: Sleeping          |       |     1 |       ||     1
  Eat: Chunk             |    16 |     8 |     1 ||    25
Armor: Ring mail         |    19 |    46 |    23 ||    88
Dodge: Dodged            |    71 |   113 |    60 ||   244
